 Dungeon Crawl Stone Soup version 0.26-a0-682-g294304f6e8 (webtiles) character file.

Game seed: 9114415023962149995

23990 marklar909 the Basher (level 13, -6/101 HPs)
             Began as a Formicid Abyssal Knight on Oct 20, 2020.
             Was a Priest of Lugonu.
             Mangled by a wight
             ... wielding a +6 mace
              (15 damage)
             ... on level 14 of the Dungeon.
             The game lasted 00:35:14 (22888 turns).

marklar909 the Basher (Formicid Abyssal Knight)    Turns: 22888, Time: 00:35:15

Health: -6/101     AC: 13    Str: 21    XL:     13   Next: 39%
Magic:  4/21       EV: 12    Int: 13    God:    Lugonu [***...]
Gold:   671        SH:  5    Dex: 10    Spells: 12/14 levels left

rFire    . . .     SeeInvis +   a - +1 mace (vorpal)
rCold    . . .     Faith    .   (no shield)
rNeg     . . .     Spirit   .   h - +1 scale mail
rPois    .         Reflect  +   (helmet unavailable)
rElec    .         Harm     .   (no cloak)
rCorr    .         Rampage  .   (no gloves)
MR       +....                  A - +2 pair of boots
Stlth    ..........             j - amulet of reflection
HPRegen  0.26/turn              l - ring of flight
MPRegen  0.17/turn              (no ring)

@: lightly drained
A: permanent stasis, dig shafts and tunnels, four strong arms, antennae 3
a: Dig, Shaft Self, Depart the Abyss, Bend Space, Banish, Renounce Religion,
Evoke Flight


You were on level 14 of the Dungeon.
You worshipped Lugonu.
Lugonu was most pleased with you.
You visited 2 branches of the dungeon, and saw 14 of its levels.
You visited the Abyss 1 time.

You collected 671 gold pieces.

Inventory:

Hand Weapons
 a - a +1 vorpal mace (weapon)
 b - a +0 great mace
Armour
 h - a +1 scale mail (worn)
 v - a cursed -2 ring mail
 A - a +2 pair of boots (worn)
Jewellery
 c - an uncursed amulet of the acrobat {unknown}
 d - an uncursed amulet of guardian spirit {unknown}
 e - an uncursed ring of fire
 i - an uncursed amulet of magic regeneration
 j - an amulet of reflection (around neck)
 l - a ring of flight (left hand)
Wands
 m - a wand of acid (1)
 n - a wand of iceblast (15)
 x - a wand of flame (10)
 B - a wand of random effects (51)
 G - a wand of polymorph (7)
 H - a wand of digging (4)
Scrolls
 p - 3 scrolls of magic mapping
 q - 2 scrolls of fog
 y - 5 scrolls of identify
 F - 15 scrolls of remove curse
Potions
 f - 2 potions of stabbing
 g - 2 potions of mutation
 k - 2 potions of curing
 o - a potion of lignification
 r - 3 potions of cancellation
 s - a potion of heal wounds
 t - a potion of ambrosia
 u - a potion of brilliance {unknown}
 w - 2 potions of invisibility {unknown}
 z - a potion of might {unknown}
 C - 2 potions of resistance
 D - 3 potions of flight {unknown}
 E - a potion of magic {unknown}


   Skills:
 + Level 9.2(8.9) Fighting
 + Level 12.7(12.3) Maces & Flails
 + Level 9.9(9.6) Armour
 + Level 5.2(4.9) Dodging
 + Level 2.5(2.2) Stealth
 + Level 1.2(0.9) Spellcasting
 + Level 6.9(6.6) Hexes
 + Level 11.5(11.2) Invocations
 + Level 3.0(2.7) Evocations


You had 12 spell levels left.
You knew the following spells:

 Your Spells              Type           Power        Failure   Level
a - Slow                  Hex            ###.....     6%          2

Your spell library contained the following spells:

 Spells                   Type           Power        Failure   Level
 Magic Dart               Conj           #...         54%         1
 Call Imp                 Summ           #.......     69%         2
 Conjure Flame            Conj/Fire      #.......     89%         3
 Mephitic Cloud           Conj/Pois/Air  #.......     89%         3
 Blink                    Tloc           Unusable     N/A         2

Dungeon Overview and Level Annotations

Branches:
Dungeon (14/15)            Temple (0/1) D:6            Lair (1/6) D:9
    Orc (0/2) D:12
 Vaults: D:13-14

Altars:
Qazlal
The Shining One

Shops:
D:6 (

Portals:
Trove: D:12 (give +5 demon whip)

Annotations:
D:9 2 transporters, 1 runed translucent door, xraymikek's ghost, novice DrFE
Abyss:1 Rupert


Innate Abilities, Weirdness & Mutations

You cannot be hasted, slowed, berserked, paralysed or teleported.
You can dig through walls and to a lower floor.
Your four strong arms can wield two-handed weapons with a shield.
You have a pair of large antennae on your head. (SInv)


Message History

The wight closely misses you.
You hit the wight.
You destroy the wight!
Lugonu accepts your kill.
You closely miss the wight. The wight hits you with a +6 mace.
* * * LOW HITPOINT WARNING * * *
You feel drained.
* * * LOW HITPOINT WARNING * * *
You barely miss the wight. You hit the wight.
The wight is lightly damaged.
The wight hits you with a +6 mace!
* * * LOW HITPOINT WARNING * * *
Unknown command.
You feel better. You block the wight's attack.
Unknown command.
You hit the wight but do no damage.
The wight is lightly damaged.
The wight hits you with a +6 mace!
You die...

.............####.#.#...#...#
#######).###...zz.###.#z###.#
####.{{## ######.....#z§§..#
#.)z.### #########'###
.....{...# ####...).#
...?{≈≈≈≈...# ##....#####
≈...≈≈≈≈≈≈..+ #>.####
≈...≈≈≈≈≈≈≈.# ##z##########
≈D..≈≈≈≈≈≈≈.# #@..........#
#+++###p.#### .#...........#
... #.............#
###...........# #...........#
#...........# #############


You could see a wight.

Vanquished Creatures
  A centaur warrior (D:12)
  3 two-headed ogres
  Erica (D:8)
  2 unseen horrors
  A manticore (D:14)
  2 cyclopes
  A centaur zombie (D:14)
  4 gargoyles
  3 centaur skeletons (D:14)
  A cane toad (Lair:1)
  A kobold demonologist (D:11)
  A hornet (D:14)
  3 trolls
  2 wraiths (D:14)
  A steam dragon (D:9)
  A warg (D:12)
  4 vampire mosquitoes (D:12)
  A water moccasin (D:11)
  5 sky beasts
  4 orc warriors
  3 black bears
  3 ice beasts
  3 phantoms
  3 ogres
  17 centaurs
  13 bullfrogs
  17 killer bees
  2 scorpions
  6 howler monkeys
  5 wights
  A bullfrog zombie (D:7)
  3 quasits
  3 jellies
  8 orc priests
  A gnoll shaman (D:7)
  4 hounds
  6 iguanas
  8 orc wizards
  14 worker ants
  A killer bee zombie (D:9)
  A hound zombie (D:7)
  2 hound skeletons
  2 howler monkey skeletons
  14 gnolls
  13 adders
  6 river rats (D:8)
  A shadow imp (D:8)
  2 white imps
  3 ufetubi
  An ooze (D:1)
  3 adder zombies
  A worm (D:3)
  3 dart slugs
  2 leopard geckos
  35 orcs
  A ball python (D:1)
  5 giant cockroaches
  10 hobgoblins
  5 jackals
  8 kobolds
  2 quokkas
  5 bats
  6 frilled lizards
  7 goblins
  A jackal skeleton (D:4)
  A leopard gecko skeleton (D:5)
  A quokka skeleton (D:4)
  21 rats
325 creatures vanquished.

Vanquished Creatures (others)
  6 fungi
  3 plants
9 creatures vanquished.

Grand Total: 334 creatures vanquished

Notes
Turn   | Place    | Note
-------+----------+-------------------------------------------
     0 | Abyss:1  | marklar909 the Formicid Abyssal Knight began the quest for
                  | the Orb.
     0 | Abyss:1  | Reached XP level 1. HP: 18/18 MP: 2/2
     1 | Abyss:1  | Found a snail-covered altar of Cheibriados.
    33 | Abyss:1  | Noticed a ynoxinul
    41 | Abyss:1  | Noticed a large abomination
    42 | D:1      | Escaped the Abyss
   283 | D:1      | Reached XP level 2. HP: 12/24 MP: 3/3
   796 | D:1      | Reached XP level 3. HP: 30/30 MP: 4/4
   858 | D:1      | Reached * piety under Lugonu
  1504 | D:2      | Reached XP level 4. HP: 37/37 MP: 5/5
  1518 | D:2      | Reached skill level 1 in Dodging
  1688 | D:2      | Reached skill level 3 in Maces & Flails
  3165 | D:3      | Reached XP level 5. HP: 35/42 MP: 7/7
  3640 | D:4      | Reached ** piety under Lugonu
  3686 | D:4      | Reached XP level 6. HP: 39/48 MP: 8/8
  3883 | D:4      | Reached skill level 4 in Maces & Flails
  4124 | D:4      | Noticed an ogre
  4589 | D:4      | Noticed a phantom
  4652 | D:5      | Entered Level 5 of the Dungeon
  4669 | D:5      | Reached XP level 7. HP: 26/55 MP: 9/9
  5007 | D:4      | Reached skill level 5 in Maces & Flails
  5180 | D:5      | Reached XP level 8. HP: 42/61 MP: 11/11
  5574 | D:5      | Reached skill level 1 in Evocations
  5832 | D:5      | Reached skill level 5 in Invocations
  5904 | D:5      | Found a glowing golden altar of the Shining One.
  6026 | D:5      | Reached skill level 5 in Armour
  6037 | D:5      | Reached skill level 5 in Fighting
  6319 | D:5      | Learned a level 2 spell: Slow
  6431 | D:6      | Found a staircase to the Ecumenical Temple.
  6448 | D:5      | Reached skill level 6 in Maces & Flails
  6546 | D:6      | Reached skill level 1 in Hexes
  7130 | D:6      | Found Sogaoff's Weapon Boutique.
  7254 | D:6      | Reached XP level 9. HP: 52/68 MP: 13/13
  7665 | D:7      | Reached skill level 7 in Maces & Flails
  7853 | D:7      | Reached *** piety under Lugonu
  9489 | D:8      | Reached skill level 1 in Stealth
  9916 | D:8      | Reached skill level 8 in Maces & Flails
  9943 | D:8      | Noticed Erica
  9953 | D:8      | Killed Erica
  9953 | D:8      | Reached XP level 10. HP: 34/76 MP: 13/15
 10835 | D:9      | Found a staircase to the Lair.
 11672 | D:9      | Reached **** piety under Lugonu
 11765 | D:9      | Found a transporter.
 12232 | D:9      | Reached skill level 9 in Maces & Flails
 12409 | D:9      | Found a transporter.
 12695 | D:9      | Noticed a two-headed ogre
 12716 | D:9      | Killed a two-headed ogre
 12716 | D:9      | Reached skill level 5 in Hexes
 13109 | D:9      | Found a runed translucent door.
 13110 | D:9      | Noticed xraymikek's ghost (novice DrFE)
 13141 | D:10     | Entered Level 10 of the Dungeon
 13142 | D:10     | Noticed an unseen horror
 13155 | D:9      | Killed an unseen horror
 13155 | D:9      | Reached XP level 11. HP: 56/83 MP: 16/16
 16083 | D:11     | Noticed a boulder beetle
 16484 | Lair:1   | Entered Level 1 of the Lair of Beasts
 16580 | Lair:1   | Reached skill level 10 in Maces & Flails
 17300 | Lair:1   | Noticed an eight-headed hydra
 17305 | Lair:1   | Banished an eight-headed hydra
 17305 | Lair:1   | Reached skill level 1 in Spellcasting
 17792 | D:11     | Banished a boulder beetle
 17798 | D:11     | Reached skill level 10 in Invocations
 17848 | D:11     | Found a stormy altar of Qazlal.
 18246 | D:11     | Reached XP level 12. HP: 73/92 MP: 19/19
 19199 | D:12     | Found a staircase to the Orcish Mines.
 19298 | D:12     | Noticed a two-headed ogre
 19315 | D:12     | Killed a two-headed ogre
 19616 | D:12     | Reached skill level 11 in Maces & Flails
 20314 | D:12     | Noticed a centaur warrior
 20344 | D:12     | Killed a centaur warrior
 20670 | D:12     | Noticed an unseen horror
 21194 | D:12     | Killed an unseen horror
 21339 | D:12     | Noticed a two-headed ogre
 21350 | D:12     | Killed a two-headed ogre
 21598 | D:12     | Found a portal to a secret trove of treasure.
 21691 | D:12     | You fall into a shaft and drop 2 floors!
 21691 | D:14     | Noticed Rupert
 21695 | D:14     | Banished Rupert
 21695 | D:14     | Reached XP level 13. HP: 99/99 MP: 12/21
 21714 | D:14     | Reached skill level 5 in Dodging
 21884 | D:14     | Reached skill level 12 in Maces & Flails
 22228 | D:14     | Noticed a vault guard
 22320 | D:14     | Noticed a vault guard
 22820 | D:14     | Noticed a vault guard
 22822 | D:14     | Noticed an eight-headed hydra
 22865 | D:14     | Banished a vault guard
 22870 | D:14     | Banished a vault guard
 22879 | D:14     | HP: 2/101 [wight/+6 mace (7)]
 22888 | D:14     | Mangled by a wight

Illustrated notes

Levels and vault maps discovered:
D:1:      dpeg_arrival_arbitrary_c, layout_basic, kennysheep_boxes
D:2:      cheibrodos_helix_gallery, layout_basic
D:3:      layout_rooms
D:4:      layout_loops_ring
D:5:      layout_cave_pods, nicolae_tso_swordbearing_angel
D:6:      black_bear_nest_2, layout_rooms, minmay_temple_entry_stoned_glass,
          serial_shops, shop
D:7:      layout_loops_corners
D:8:      layout_loops_corners, dk_rats_in_the_wall, uniq_erica
D:9:      gammafunk_cloud_chamber, layout_loops_cross, dpeg_oklobed_lair,
          gammafunk_ghost_grave
D:10:     layout_rooms
D:11:     layout_stronghold, nicolae_qazlal_style_of_elements
D:12:     layout_gridville, david_orc_1_choice, enter_trove_1,
          minmay_misc_feat_more_columns
D:14:     layout_roguey, grunt_vaults_entry_fortified, uniq_rupert
Lair:1:   layout_gridlike, grunt_megastairs_3, infiniplex_staircase_pool_2

Skill      XL: |  1  2  3  4  5  6  7  8  9 10 11 12 13 |
---------------+----------------------------------------+-----
Dodging        | 1 2 3 4 5 |  5.2
Maces & Flails | 3 4 5 6 8 9 10 11 12 | 12.7
Fighting       | 4 5 6 7 8 9 |  9.2
Armour         | 3 4 5 6 7 8 9 |  9.9
Invocations    | 3 4 5 7 10 11 | 11.5
Evocations     | 1 2 3 |  3.0
Hexes          | 1 4 5 6 |  6.9
Stealth        | 1 2 |  2.5
Spellcasting   | 1 |  1.2

Action                   |  1- 3 |  4- 6 |  7- 9 | 10-12 | 13-15 || total
-------------------------+-------+-------+-------+-------+-------++-------
Melee: Mace              |    77 |   227 |   485 |   504 |    88 ||  1381
       Great mace        |       |       |       |   234 |    54 ||   288
 Cast: Slow              |       |       |       |    14 |       ||    14
Invok: Depart the Abyss  |     1 |       |       |       |       ||     1
       Bend Space        |       |     3 |     3 |     4 |       ||    10
       Banish            |       |       |       |    15 |     7 ||    22
 Abil: Dig               |       |     1 |     2 |     8 |     3 ||    14
Evoke: Wand              |       |       |    27 |    32 |       ||    59
  Use: Scroll            |     3 |     8 |     8 |     6 |       ||    25
       Potion            |       |       |       |     5 |     1 ||     6
Armor: Leather armour    |    14 |       |       |       |       ||    14
       Ring mail         |    12 |     9 |       |       |       ||    21
       Scale mail        |       |   107 |   233 |   345 |    50 ||   735
Dodge: Dodged            |    54 |   146 |   286 |   443 |    65 ||   994
Block: Other             |       |       |    94 |   202 |    38 ||   334
       Reflection        |       |       |     1 |    15 |     1 ||    17

Table legend: (Time is in decaauts)
 A = Elapsed time spent in this place.
 B = Non-inter-level travel time spent in this place.
 C = Inter-level travel time spent in this place.
 D = Time resting spent in this place.
 E = Time spent auto-exploring this place.
 F = Levels seen in this place.
 G = Mean time per level.
                   A        B        C        D        E       F      G
               +--------+--------+--------+--------+--------+-----+--------+
         Total |  23005 |  22194 |    811 |   6767 |  11636 |  15 | 1533.7 |
       Dungeon |  21757 |  21014 |    743 |   6366 |  11014 |  13 | 1673.6 |
          Lair |   1206 |   1138 |     68 |    401 |    590 |   1 | 1206.0 |
         Abyss |     42 |     42 |      0 |      0 |     32 |   1 |   42.0 |
               +--------+--------+--------+--------+--------+-----+--------+

Top non-repeatable levels by time:
     D:9: 3388 daAuts
    D:11: 2722 daAuts
     D:7: 1875 daAuts
    D:10: 1750 daAuts
     D:8: 1682 daAuts
     D:5: 1570 daAuts
    D:12: 1519 daAuts
     D:2: 1434 daAuts
     D:4: 1290 daAuts
  Lair:1: 1206 daAuts
    D:14: 1183 daAuts
     D:3: 1161 daAuts
     D:1: 1127 daAuts
     D:6: 1050 daAuts
 Abyss:1: 42 daAuts
